 Dungeon Crawl Stone Soup version 0.27-a0-216-g1fbed8a51c (webtiles) character file.

Game seed: 10046633565751144176

8049 sahdkjhfkaj the Eclecticist (level 11, -6/54 HPs)
             Began as a Deep Elf Ice Elementalist on Jan 31, 2021.
             Was an Elder of Sif Muna.
             Mangled by an orc warlord
             ... wielding a +0 dire flail
              (28 damage)
             ... in a bailey.
             The game lasted 00:25:33 (14092 turns).

sahdkjhfkaj the Eclecticist (DEIE)                 Turns: 14092, Time: 00:25:34

Health: -6/54      AC:  5    Str: 11    XL:     11   Next: 4%
Magic:  0/32       EV: 19    Int: 24    God:    Sif Muna [****..]
Gold:   647        SH:  5    Dex: 15    Spells: 32/40 levels left

rFire    . . .     SeeInvis .   a - +2 scimitar (flame)
rCold    . . .     Faith    .   j - +0 buckler
rNeg     . . .     Spirit   .   q - +1 robe {Will+}
rPois    .         Reflect  .   (no helmet)
rElec    .         Harm     .   y - +0 cloak
rCorr    .         Rampage  .   (no gloves)
Will     ++...                  u - +0 pair of boots
Stlth    ++........             (no amulet)
HPRegen  0.18/turn              C - +6 ring of strength
MPRegen  0.23/turn              (no ring)

@: no status effects
A: no striking features
a: Renounce Religion, Channel Magic, Forget Spell, Divine Exegesis


You were in a bailey.
You worshipped Sif Muna.
Sif Muna was greatly pleased with you.
You visited 2 branches of the dungeon, and saw 10 of its levels.
You also visited: Bailey.

You collected 647 gold pieces.

Inventory:

Hand Weapons
 a - a +2 scimitar of flaming (weapon)
Missiles
 A - 6 throwing nets {!f}
Armour
 j - a +0 buckler (worn)
 q - a +1 robe of willpower (worn)
 u - a +0 pair of boots (worn)
 y - a +0 cloak (worn)
Jewellery
 C - a +6 ring of strength (left hand)
Wands
 w - a wand of iceblast (4)
 B - a wand of paralysis (9)
Scrolls
 b - 5 scrolls of teleportation {!r}
 c - 2 scrolls of magic mapping
 d - 2 scrolls of blinking {unknown}
 h - 5 scrolls of enchant weapon
 l - 5 scrolls of remove curse
 o - a scroll of fear {unknown}
 v - a scroll of vulnerability {unknown}
 D - a scroll of amnesia
 G - 2 scrolls of enchant armour
Potions
 e - a potion of heal wounds
 g - 2 potions of haste
 i - a potion of ambrosia {unknown}
 k - 2 potions of mutation
 m - a potion of berserk rage {unknown}
 n - a potion of invisibility {unknown}
 p - 3 potions of lignification {unknown}
 r - 2 potions of flight
 s - 2 potions of cancellation {unknown}
 t - 4 potions of brilliance {unknown}
 x - 2 potions of curing {unknown}
 z - a potion of magic {unknown}
 E - a potion of attraction {unknown}
 F - a potion of resistance {unknown}


   Skills:
 - Level 10.0 Dodging
 - Level 2.4 Stealth
 - Level 4.0 Shields
 - Level 15.0 Spellcasting
 - Level 4.0 Summonings
 + Level 6.8 Ice Magic
 - Level 5.0 Invocations


You had 32 spell levels left.
You knew the following spells:

 Your Spells              Type           Power        Failure   Level
b - Frozen Ramparts       Ice            100%         1%          3
c - Summon Ice Beast      Ice/Summ       44%          3%          4
A - Freeze                Ice            100%         1%          1

Your spell library contained the following spells:

 Spells                   Type           Power        Failure   Level
 Ozocubu's Armour         Ice            50%          1%          3
 Hailstorm                Conj/Ice       34%          8%          4
 Summon Lightning Spire   Summ/Air       27%          14%         4
 Silence                  Hex/Air        9%           65%         5
 Conjure Ball Lightning   Conj/Air       9%           99%         6
 Tornado                  Air            9%           100%        9


Dungeon Overview and Level Annotations

Branches:
Dungeon (9/15)             Temple (1/1) D:4          Bailey (1/1)
   Lair: D:8-11         Orc: D:9-12

Altars:
Ashenzari
Dithmenos
Elyvilon
Fedhas
Gozag
Hepliaklqana
Kikubaaqudgha
Makhleb
Nemelex Xobeh
Okawaru
Qazlal
Ru
Sif Muna
Trog
Uskayaw
Vehumet
Wu Jian
Xom
Yredelemnul
Zin
The Shining One
Jiyva

Shops:
D:4 !

Annotations:
D:3 2 transporters, Morgoth's ghost, weakling DgDe Bailey exclusion: upstairs


Message History

Aim: an orc warlord, wielding a +0 dire flail and wearing a +1 chain mail of cold resistance (severely wounded)
The orc warlord resists.
You freeze the orc warlord.
The orc warlord is severely wounded.
The orc warlord resists.
The wall freezes the orc warlord.
The orc warlord hits you but does no damage.
Unknown command.
Unknown command.
Unknown command.
Unknown command.
Unknown command.
Unknown command.
Unknown command.
Unknown command.
Unknown command.
You hit the orc warlord. You burn the orc warlord.
The orc warlord is almost dead.
The frozen ramparts melt away.
The orc warlord hits you with a +0 dire flail!!
Ouch! That really hurt!
You die...

##.......## ##.......
#.........# #........
##.........## ##........
#.....⌠.....#######.....⌠...
##.........##.....##........
#.......).#.......#........
##......)##.......##.......
#.....o))o........'.......
##.....##@..)))...##.....#
#######.....⌠)....#######
##.........## #.........#
##.......## #.......#
##.....## ♣♣##'''##♣
♣........♣♣


You could see an orc warlord and an orc warrior (strong).

Vanquished Creatures
  Harold (D:8)
  A two-headed ogre (D:8)
  2 orc knights (Bailey)
  Maggie (D:6)
  Prince Ribbit (D:9)
  A human (D:9)
  Menkaure (D:4)
  A water moccasin (D:8)
  Duvessa (D:6)
  A sky beast (D:5)
  An eye of draining (D:9)
  10 orc warriors
  4 ogres
  Blork the orc (D:6)
  4 bullfrogs
  5 scorpions
  7 killer bees
  3 howler monkeys
  7 orc priests
  Crazy Yiuf (D:7)
  A centaur zombie (D:7)
  3 hounds
  A bullfrog zombie (D:8)
  A gnoll shaman (D:6)
  A centaur skeleton (D:9)
  A jelly (D:8)
  2 bullfrog skeletons
  An iguana (D:8)
  5 worker ants
  7 orc wizards
  A hound zombie (D:6)
  20 gnolls
  A howler monkey skeleton (D:7)
  11 adders
  An adder zombie (D:2)
  2 oozes
  An adder skeleton (D:6)
  4 worms
  A dart slug (D:1)
  8 leopard geckos
  43 orcs
  5 giant cockroaches
  24 goblins
  31 hobgoblins
  6 jackals
  3 quokkas
  5 ball pythons
  9 bats
  4 frilled lizards
  5 kobolds
  2 leopard gecko zombies (D:8)
  5 rats
269 creatures vanquished.

Vanquished Creatures (collateral kills)
  The ghost of Sekkong the Fighter, a novice MiBe of Trog (D:8)
  Erica (D:8)
  A wyvern (D:9)
  An ice beast (D:6)
  A phantom (D:7)
  3 ogres
  A bullfrog (D:8)
  Dowan (D:6)
  A scorpion (D:7)
  A quasit (D:8)
  A bullfrog zombie (D:5)
  2 orc priests (D:9)
  A hound (D:7)
  A statue (D:7)
  2 gnolls (D:8)
  A white imp (D:6)
  An adder skeleton (D:9)
  4 orcs
  A giant cockroach (D:8)
  4 goblins
  A quokka zombie (D:8)
31 creatures vanquished.

Vanquished Creatures (others)
  5 fungi (D:7)
  A plant (D:4)
6 creatures vanquished.

Grand Total: 306 creatures vanquished

Notes
Turn   | Place    | Note
-------+----------+-------------------------------------------
     0 | D:1      | sahdkjhfkaj the Deep Elf Ice Elementalist began the quest
                  | for the Orb.
     0 | D:1      | Reached XP level 1. HP: 10/10 MP: 6/6
   259 | D:1      | Reached skill level 4 in Spellcasting
   259 | D:1      | Reached XP level 2. HP: 10/15 MP: 6/9
   946 | D:1      | Reached skill level 5 in Ice Magic
  1066 | D:1      | Reached XP level 3. HP: 19/19 MP: 7/10
  1070 | D:1      | Learned a level 3 spell: Frozen Ramparts
  1530 | D:2      | Reached skill level 1 in Shields
  1776 | D:2      | Found a glowing golden altar of the Shining One.
  1873 | D:2      | Reached XP level 4. HP: 24/24 MP: 7/12
  1877 | D:2      | Reached skill level 5 in Spellcasting
  2254 | D:2      | Found a basalt altar of Yredelemnul.
  2585 | D:3      | Found an ornate altar of the Wu Jian Council.
  3137 | D:3      | Reached XP level 5. HP: 28/28 MP: 12/14
  3155 | D:3      | Learned a level 4 spell: Summon Ice Beast
  3460 | D:3      | Found a transporter.
  3517 | D:3      | Found a transporter.
  3522 | D:3      | Noticed a small abomination
  3742 | D:3      | Noticed Morgoth's ghost (weakling DgDe)
  3880 | D:4      | Reached skill level 1 in Summonings
  4287 | D:3      | Reached XP level 6. HP: 18/32 MP: 12/16
  4439 | D:3      | Reached skill level 6 in Spellcasting
  4987 | D:4      | Found a burning altar of Makhleb.
  5068 | D:4      | Reached skill level 7 in Spellcasting
  5331 | D:4      | Found a staircase to the Ecumenical Temple.
  5353 | Temple   | Entered the Ecumenical Temple
  5650 | Temple   | Became a worshipper of Sif Muna the Loreminder
  5705 | D:4      | Noticed Menkaure
  5724 | D:4      | Killed Menkaure
  5725 | D:4      | Reached XP level 7. HP: 16/36 MP: 12/19
  6285 | D:4      | Found Zaten's Distillery.
  6333 | D:5      | Entered Level 5 of the Dungeon
  6339 | D:5      | Found a shimmering blue altar of Sif Muna.
  6994 | D:5      | Found a shadowy altar of Dithmenos.
  7413 | D:6      | Noticed Dowan
  7415 | D:6      | Noticed Duvessa
  7425 | D:6      | Killed Duvessa
  7540 | D:6      | Killed Dowan
  7540 | D:6      | Reached * piety under Sif Muna
  7648 | D:6      | Reached XP level 8. HP: 16/41 MP: 15/21
  7850 | D:6      | Reached skill level 8 in Spellcasting
  7934 | D:6      | Noticed Blork the orc
  7958 | D:6      | Killed Blork the orc
  8159 | D:6      | Reached skill level 9 in Spellcasting
  8260 | D:6      | Noticed Maggie
  8270 | D:6      | Killed Maggie
  8271 | D:6      | Reached skill level 10 in Spellcasting
  8406 | D:6      | Reached skill level 5 in Dodging
  9335 | D:7      | Found a stormy altar of Qazlal.
  9335 | D:7      | Found a hide-covered altar of Uskayaw.
  9335 | D:7      | Found a white marble altar of Elyvilon.
  9341 | D:7      | Found an iron altar of Okawaru.
  9417 | D:7      | Reached XP level 9. HP: 45/45 MP: 19/25
  9560 | D:7      | Reached skill level 11 in Spellcasting
 10432 | D:7      | Reached skill level 12 in Spellcasting
 10580 | D:7      | Found a radiant altar of Vehumet.
 10942 | D:7      | Found a runed translucent door.
 10943 | D:7      | Noticed Crazy Yiuf
 10954 | D:7      | Killed Crazy Yiuf
 11076 | D:8      | Noticed a two-headed ogre
 11093 | D:8      | Killed a two-headed ogre
 11096 | D:8      | Reached ** piety under Sif Muna
 11102 | D:8      | Noticed Harold
 11251 | D:8      | Killed Harold
 11344 | D:8      | Found a blossoming altar of Fedhas.
 11569 | D:8      | Reached skill level 13 in Spellcasting
 11569 | D:8      | Reached XP level 10. HP: 33/50 MP: 23/29
 11998 | D:8      | Noticed Erica
 12007 | D:8      | Killed Erica
 12385 | D:8      | Found a runed translucent gate.
 12385 | D:8      | Found an opulent altar of Gozag.
 12386 | D:8      | Found a runed translucent gate.
 12386 | D:8      | Found a runed translucent gate.
 12387 | D:8      | Noticed Sekkong's ghost (novice MiBe)
 12616 | D:8      | Reached skill level 14 in Spellcasting
 12623 | D:8      | Killed Sekkong's ghost
 12854 | D:9      | Found a sacrificial altar of Ru.
 12877 | D:9      | Found a flagged portal.
 12890 | D:9      | Reached *** piety under Sif Muna
 12978 | D:9      | Reached skill level 15 in Spellcasting
 13248 | D:9      | Noticed Prince Ribbit
 13259 | D:9      | Killed Prince Ribbit
 13260 | D:9      | Reached skill level 10 in Dodging
 13260 | D:9      | Reached skill level 1 in Invocations
 13317 | Bailey   | Entered a bailey
 13587 | Bailey   | Reached **** piety under Sif Muna
 14027 | Bailey   | Noticed an orc warlord
 14028 | Bailey   | Noticed an orc knight
 14032 | Bailey   | Noticed an orc knight
 14047 | Bailey   | Killed an orc knight
 14048 | Bailey   | Reached skill level 5 in Invocations
 14052 | Bailey   | Killed an orc knight
 14053 | Bailey   | Reached XP level 11. HP: 54/54 MP: 3/32
 14092 | Bailey   | Mangled by an orc warlord

Illustrated notes

Levels and vault maps discovered:
D:1:      nicolae_arrival_somewhat_less_tricky_arrival, layout_basic,
          serial_glass, glass_columns_a, glass_columns_a
D:2:      layout_basic, nicolae_overflow_crystal_walls, marbit_many_paths
D:3:      layout_loops_cross, pdpol_wu_jian_five_deadly_venoms,
          gammafunk_ghost_abyssal_escape, kennysheep_nondescript,
          hangedman_decor_slide_cut, minmay_statues_item
D:4:      layout_basic, overflow_temple_1_default,
          minmay_temple_entry_gardened_gates, cheibrodos_sewer_entry_sluice,
          serial_shops, nicolae_shop_trees, amcnicky_mini_rare_corridor_liquid,
          uniq_menkaure
D:5:      layout_rooms, grunt_dithmenos_smoke_and_mirrors, basic_altar,
          roderic_serpentine_path
D:6:      layout_cave_pods, palyth_stone_intersect, uniq_maggie,
          uniq_blork_the_orc, uniq_duvessa
D:7:      layout_basic, nicolae_overflow_quartered_altars, vehumet_statue,
          uniq_crazy_yiuf_cottage
D:8:      layout_loops_ring, fedhas_altar_fruit_tree, ebering_ghost_gozag,
          uniq_erica, uniq_harold
D:9:      layout_roguey, general_overflow_altar, kennysheep_mini, erik_orc_4,
          enter_bailey_5, basic_altar, uniq_prince_ribbit1
Temple:   pf_slimified_temple
Bailey:   bailey_axe_minmay_hex_keep, bailey

Skill      XL: |  1  2  3  4  5  6  7  8  9 10 |
---------------+-------------------------------+-----
Spellcasting   | 4 5 7 10 13 15 | 15.0
Ice Magic      | 5 6 |  6.8
Shields        | 1 2 3 4 |  4.0
Summonings     | 1 4 |  4.0
Dodging        | 6 9 10 | 10.0
Invocations    | 5 |  5.0
Stealth        | |  2.4

Action                   |  1- 3 |  4- 6 |  7- 9 | 10-12 || total
-------------------------+-------+-------+-------+-------++-------
Melee: Unarmed           |     2 |    14 |     7 |       ||    23
       Dagger            |       |       |   110 |     1 ||   111
       Scimitar          |       |       |       |    39 ||    39
 Cast: Freeze            |    65 |    92 |    94 |    38 ||   289
       Frozen Ramparts   |     1 |    14 |    29 |    21 ||    65
       Summon Ice Beast  |       |       |    24 |    22 ||    46
  Use: Scroll            |       |     7 |     8 |     1 ||    16
       Potion            |       |       |       |     2 ||     2
 Stab: Distracted        |       |     1 |       |       ||     1
       Sleeping          |       |     1 |     3 |     2 ||     6
Armor: Robe              |     6 |    12 |    29 |    10 ||    57
Dodge: Dodged            |    36 |    80 |   129 |    88 ||   333
Block: Buckler           |       |       |    50 |    17 ||    67
       Rpst.: Scimitar   |       |       |       |    24 ||    24

Table legend: (Time is in decaauts)
 A = Elapsed time spent in this place.
 B = Non-inter-level travel time spent in this place.
 C = Inter-level travel time spent in this place.
 D = Time resting spent in this place.
 E = Time spent auto-exploring this place.
 F = Levels seen in this place.
 G = Mean time per level.
                   A        B        C        D        E       F      G
               +--------+--------+--------+--------+--------+-----+--------+
         Total |  14118 |  13761 |    357 |    625 |  11127 |  11 | 1283.5 |
       Dungeon |  13025 |  12720 |    305 |    625 |  10271 |   9 | 1447.2 |
        Temple |    315 |    263 |     52 |      0 |    261 |   1 |  315.0 |
        Bailey |    777 |    777 |      0 |      0 |    595 |   1 |  777.0 |
               +--------+--------+--------+--------+--------+-----+--------+

Top non-repeatable levels by time:
     D:3: 2319 daAuts
     D:7: 2006 daAuts
     D:6: 1699 daAuts
     D:8: 1565 daAuts
     D:1: 1426 daAuts
     D:4: 1303 daAuts
     D:5: 1151 daAuts
     D:2: 978 daAuts
  Bailey: 777 daAuts
     D:9: 574 daAuts
  Temple: 315 daAuts
